 Dungeon Crawl Stone Soup version 0.25-a0-781-gc44aebf4fe (webtiles) character file.

Game seed: 11746692670980604881, levelgen mode: deterministic

13225 Flugslaktarn the Cleaver (level 11, -9/103 HPs)
             Began as a Deep Dwarf Fighter on Apr 15, 2020.
             Was an Elder of Makhleb.
             Mangled by an ice devil (21 damage)
             ... in an ice cave.
             The game lasted 00:06:04 (6993 turns).

Flugslaktarn the Cleaver (Deep Dwarf Fighter)       Turns: 6993, Time: 00:06:05

Health: -9/103     AC: 16    Str: 27    XL:     11   Next: 72%
Magic:  8/8        EV:  7    Int: 10    God:    Makhleb [****..]
Gold:   578        SH: 12    Dex: 12    Spells: 10/10 levels left

rFire    . . .     SeeInvis .   a - +1 war axe
rCold    . . .     Gourm    .   c - +0 kite shield
rNeg     . . .     Faith    .   m - +0 chain mail
rPois    +         Spirit   .   b - +0 helmet
rElec    .         Reflect  .   p - +1 cloak
rCorr    .         Harm     .   y - +0 pair of gloves
MR       +....                  (no boots)
Stlth    ..........             (no amulet)
HPRegen  0.00/turn              o - ring of poison resistance
MPRegen  0.11/turn              n - +5 ring of strength

@: non-regenerating
A: damage resistance, heal wounds, sense surroundings 2, no regeneration
a: Heal Wounds, Minor Destruction, Lesser Servant of Makhleb, Major Destruction,
Renounce Religion


You were in an ice cave.
You worshipped Makhleb.
Makhleb was greatly pleased with you.
You were not hungry.

You visited 2 branches of the dungeon, and saw 13 of its levels.
You also visited: Ice Cave.

You collected 578 gold pieces.

Inventory:

Hand Weapons
 a - a +1 war axe (weapon)
Armour
 b - a +0 helmet (worn)
   (You found it on level 5 of the Dungeon)
 c - a +0 kite shield (worn)
 m - a +0 chain mail (worn)
   (You found it on level 1 of the Dungeon)
 p - a +1 cloak (worn)
   (You took it off Crazy Yiuf on level 7 of the Dungeon)
 y - a +0 pair of gloves (worn)
   (You found it on level 6 of the Dungeon)
Jewellery
 k - an uncursed ring of resist corrosion
   (You took it off a goblin on level 1 of the Dungeon)
 n - a +5 ring of strength (right hand)
   (You found it on level 2 of the Dungeon)
 o - a ring of poison resistance (left hand)
   (You found it on level 7 of the Dungeon)
Wands
 j - a wand of enslavement (21)
   (You took it off an orc on level 8 of the Dungeon)
Scrolls
 f - 4 scrolls of enchant weapon
 i - a scroll of fog {unknown}
 r - 3 scrolls of identify
 s - 2 scrolls of fear
 t - 5 scrolls of teleportation
 v - a scroll of magic mapping
 x - a scroll of immolation {unknown}
 z - a scroll of blinking
Potions
 d - 2 potions of might
 g - 4 potions of stabbing
 h - 2 potions of magic
 l - a potion of ambrosia
 q - 5 potions of curing
 u - a potion of flight {unknown}
 w - 4 potions of heal wounds
 A - a potion of cancellation
 B - a potion of lignification
 C - a potion of mutation {unknown}
Comestibles
 e - 16 rations
 D - 11 chunks of flesh


   Skills:
 + Level 7.8 Fighting
 * Level 12.2 Axes
 + Level 9.4 Armour
 + Level 9.4 Shields
 + Level 8.8 Invocations


You had 10 spell levels left.
You didn't know any spells.
Your spell library was empty.

Dungeon Overview and Level Annotations

Branches:
Dungeon (12/15)            Temple (1/1) D:6            Lair (0/6) D:9
    Orc (0/2) D:10          IceCv (1/1)

Altars:
Ashenzari
Cheibriados
Dithmenos
Elyvilon
Fedhas
Gozag
Hepliaklqana
Kikubaaqudgha
Makhleb
Nemelex Xobeh
Okawaru
Qazlal
Ru
Sif Muna
Trog
Uskayaw
Vehumet
Wu Jian
Xom
Yredelemnul
Zin
The Shining One

Annotations:
D:6 2 transporters, DrMuscles's ghost, novice MiFi


Innate Abilities, Weirdness & Mutations

You are resistant to damage.
You can heal yourself by infusing magical energy.
You passively map the area around you.
You do not regenerate.


Message History

You hit the ice devil. The ice devil closely misses you.
The ice devil hits you but does no damage.
Your magical essence is drained by the effort!
You feel much better.
The ice devil hits you but does no damage. x3
You hit the ice devil.
The ice devil is heavily wounded.
You hit the ice devil. You slash the ice devil!
The ice devil hits you but does no damage.
The ice devil hits you! The ice devil freezes you!
You block the ice devil's attack.
You hit the ice devil but do no damage.
The ice devil is heavily wounded.
You hit the ice devil. You barely miss the ice devil. The ice devil hits you!
The ice devil freezes you!!
* * * LOW HITPOINT WARNING * * *
You block the ice devil's attack. The ice devil hits you!
* * * LOW HITPOINT WARNING * * *
The ice devil freezes you!!
You die...

##### ##...##
##.....##
#...∩...#
#...∩...#
##.....##
##.@.## ##444#
#...## #...##
##...#
**##...## *
#.....#
#...........#
#.............


You could see 3 ice devils.

Vanquished Creatures
  4 two-headed ogres
  A cyclops (D:12)
  Joseph (D:8)
  A gargoyle (D:11)
  A komodo dragon (D:9)
  A queen bee (D:8)
  A troll (D:11)
  A hippogriff (D:11)
  A shadow (D:11)
  A wraith (D:12)
  4 yaks (D:10)
  2 wyverns
  A vampire (D:10)
  3 hungry ghosts
  Edmund (D:5)
  2 wargs (D:10)
  4 water moccasins
  A hornet zombie (D:10)
  3 ice beasts
  4 orc warriors
  A black bear (D:11)
  A sky beast (D:11)
  2 phantoms
  4 ogres
  8 centaurs
  A big kobold (D:10)
  Blork the orc (D:5)
  5 bullfrogs
  A gnoll sergeant (D:10)
  A wyvern skeleton (D:10)
  A water moccasin zombie (D:6)
  5 scorpions
  21 killer bees
  4 wights (D:9)
  6 howler monkeys
  2 crimson imps
  3 bullfrog skeletons
  A quasit (D:10)
  4 hounds
  3 jellies
  Crazy Yiuf (D:7)
  2 bullfrog zombies
  5 orc priests
  4 orc wizards
  Jessica (D:3)
  4 iguanas
  6 worker ants
  A killer bee zombie (D:7)
  2 hound zombies
  A hound skeleton (D:7)
  A worker ant zombie (D:11)
  8 gnolls
  6 adders
  2 shadow imps (D:7)
  An ooze (D:6)
  2 adder skeletons
  5 worms
  3 dart slugs
  3 leopard geckos
  32 orcs
  3 ball pythons
  8 bats
  6 giant cockroaches
  10 goblins
  3 hobgoblins
  8 jackals
  4 quokkas
  4 frilled lizards
  11 kobolds
  A quokka skeleton (D:4)
  7 rats
268 creatures vanquished.

Vanquished Creatures (collateral kills)
  A hydra (D:12)
  A two-headed ogre (D:12)
2 creatures vanquished.

Vanquished Creatures (others)
  2 plants (D:9)
  4 toadstools (D:1)
6 creatures vanquished.

Grand Total: 276 creatures vanquished

Notes
Turn   | Place    | Note
-------+----------+-------------------------------------------
     0 | D:1      | Flugslaktarn the Deep Dwarf Fighter began the quest for the
                  | Orb.
     0 | D:1      | Reached XP level 1. HP: 20/20 MP: 1/1
    48 | D:1      | Reached XP level 2. HP: 27/27 MP: 2/2
   231 | D:1      | Reached skill level 3 in Axes
   231 | D:1      | Reached XP level 3. HP: 33/33 MP: 3/3
   365 | D:2      | Found a shimmering altar of Xom.
   673 | D:3      | Reached XP level 4. HP: 40/42 MP: 4/4
   776 | D:3      | Noticed Jessica
   784 | D:3      | Killed Jessica
   829 | D:3      | Reached skill level 4 in Axes
   829 | D:3      | Reached XP level 5. HP: 42/49 MP: 5/5
   942 | D:4      | Reached XP level 6. HP: 27/56 MP: 6/6
  1099 | D:4      | Reached skill level 5 in Axes
  1313 | D:4      | Reached skill level 5 in Shields
  1313 | D:4      | Reached XP level 7. HP: 64/64 MP: 5/5
  1360 | D:4      | Reached skill level 5 in Armour
  1460 | D:5      | Entered Level 5 of the Dungeon
  1684 | D:5      | Noticed Blork the orc
  1686 | D:5      | Noticed Edmund
  1702 | D:5      | Killed Edmund
  1702 | D:5      | Reached skill level 6 in Axes
  1707 | D:5      | Killed Blork the orc
  2140 | D:6      | Found a transporter.
  2141 | D:6      | Found a transporter.
  2142 | D:6      | Noticed DrMuscles's ghost (novice MiFi)
  2145 | D:6      | Identified the +9 dire flail "Pam Keexki" {flame, Str+5}
  2145 | D:6      | Noticed a two-headed ogre
  2209 | D:6      | Reached XP level 8. HP: 59/73 MP: 6/6
  2221 | D:6      | Found a staircase to the Ecumenical Temple.
  2245 | Temple   | Entered the Ecumenical Temple
  2253 | Temple   | Became a worshipper of Makhleb the Destroyer
  2300 | D:6      | Reached skill level 7 in Axes
  2300 | D:6      | Reached skill level 1 in Invocations
  2495 | D:6      | Reached skill level 5 in Fighting
  2632 | D:7      | Reached * piety under Makhleb
  2863 | D:7      | Found a runed translucent door.
  2864 | D:7      | Noticed Crazy Yiuf
  2977 | D:7      | Reached skill level 8 in Axes
  2997 | D:7      | Gained mutation: You passively map the area around you.
                  | [Deep Dwarf growth]
  2997 | D:7      | Reached XP level 9. HP: 80/81 MP: 8/8
  3194 | D:7      | Found a snail-covered altar of Cheibriados.
  3497 | D:7      | Killed Crazy Yiuf
  3639 | D:8      | Noticed a queen bee
  3664 | D:8      | Killed a queen bee
  3665 | D:8      | Noticed Joseph
  3667 | D:8      | Reached skill level 9 in Axes
  3670 | D:8      | Reached ** piety under Makhleb
  3698 | D:8      | Killed Joseph
  3698 | D:8      | Reached skill level 5 in Invocations
  3885 | D:8      | Noticed a two-headed ogre
  3890 | D:8      | Killed a two-headed ogre
  3890 | D:8      | Reached XP level 10. HP: 71/91 MP: 7/9
  4255 | D:9      | Found a staircase to the Lair.
  4355 | D:9      | Noticed a two-headed ogre
  4369 | D:9      | Killed a two-headed ogre
  4369 | D:9      | Reached skill level 10 in Axes
  4441 | D:9      | Noticed a two-headed ogre
  4450 | D:9      | Killed a two-headed ogre
  4846 | D:9      | Found a shimmering blue altar of Sif Muna.
  4846 | D:9      | Found a stormy altar of Qazlal.
  5110 | D:10     | Entered Level 10 of the Dungeon
  5193 | D:10     | Noticed a two-headed ogre
  5200 | D:10     | Reached *** piety under Makhleb
  5222 | D:10     | Killed a two-headed ogre
  5222 | D:10     | Reached skill level 11 in Axes
  5450 | D:10     | Reached XP level 11. HP: 85/100 MP: 11/11
  5953 | D:10     | Found a staircase to the Orcish Mines.
  5981 | D:10     | Reached **** piety under Makhleb
  6893 | D:12     | Reached skill level 12 in Axes
  6914 | D:12     | Found a frozen archway.
  6916 | D:12     | Noticed a two-headed ogre
  6916 | D:12     | Noticed a four-headed hydra
  6935 | D:12     | Killed a two-headed ogre
  6937 | D:12     | Killed an eight-headed hydra
  6964 | IceCv    | Entered an ice cave
  6993 | IceCv    | Mangled by an ice devil

Levels and vault maps discovered:
D:1:      ldierk_walled_garden_2, layout_rooms
D:2:      layout_loops_ring, xom_teletrap_fun, first_ration, ashenzari_altar_1
D:3:      layout_loops_ring, st_stairs_11, uniq_jessica
D:4:      layout_basic, kennysheep_generic_room_6
D:5:      layout_loops_ring, uniq_edmund, uniq_blork_the_orc
D:6:      cheibrodos_quashed, layout_rooms, minmay_temple_entry_mini_moons,
          gammafunk_ghost_smash
D:7:      layout_basic, slow_altar_2, serial_curves, eino_curves_01,
          eino_curves_02, uniq_crazy_yiuf_cottage
D:8:      layout_loops_ring, david_nohive_1, uniq_joseph
D:9:      lemuel_ice_spiral_2, layout_basic, grunt_temple_overflow_open,
          david_lair_shrubbed
D:10:     layout_loops_ring, david_orc_1_choice
D:11:     layout_roguey, pond
D:12:     layout_roguey, special_room [special_room_orc],
          portal_ice_cave_entry_pillars_2
Temple:   nicolae_temple_no_exploring_needed
IceCv:    ice_cave_tombish

Skill      XL: |  1  2  3  4  5  6  7  8  9 10 11 |
---------------+----------------------------------+-----
Axes           | 3 4 5 6 8 9 11 12 | 12.2
Fighting       | 3 4 5 6 7 |  7.8
Armour         | 4 5 6 7 8 9 |  9.4
Shields        | 4 5 6 7 8 9 |  9.4
Invocations    | 3 5 7 8 |  8.8

Action                   |  1- 3 |  4- 6 |  7- 9 | 10-12 || total
-------------------------+-------+-------+-------+-------++-------
Melee: War axe           |   150 |   113 |   293 |   587 ||  1143
Invok: Lesser Servant of |       |       |       |     3 ||     3
 Abil: Heal Wounds       |       |     2 |     9 |    24 ||    35
  Use: Scroll            |       |       |    13 |     4 ||    17
  Eat: Chunk             |       |     2 |    16 |    14 ||    32
Armor: Scale mail        |    70 |       |       |       ||    70
       Chain mail        |    31 |    74 |   262 |   333 ||   700
Dodge: Dodged            |    41 |    30 |   148 |   164 ||   383
Block: Kite shield       |   105 |    71 |   274 |   391 ||   841

Table legend:
 A = Non-vault XP
 B = Vault XP
 C = Vault XP percentage of total XP
 D = Non-vault monster count
 E = Vault monster count
 F = Vault count percentage of total count
                 A         B        C        D         E       F
            +---------+---------+-------+---------+---------+-------
      Total |   15127 |    3766 |  19.9 |     229 |      41 |  15.2
            +---------+---------+-------+---------+---------+-------
        D:1 |      43 |       0 |   0.0 |      24 |       0 |   0.0
        D:2 |      37 |       0 |   0.0 |      10 |       0 |   0.0
        D:3 |     116 |      54 |  31.8 |      22 |       4 |  15.4
        D:4 |     437 |     158 |  26.6 |      12 |       3 |  20.0
        D:5 |     100 |     263 |  72.5 |       5 |       2 |  28.6
        D:6 |    1019 |       0 |   0.0 |      25 |       0 |   0.0
        D:7 |     588 |      45 |   7.1 |      11 |       2 |  15.4
        D:8 |    1203 |    1587 |  56.9 |      15 |      16 |  51.6
        D:9 |    2985 |     361 |  10.8 |      25 |       1 |   3.8
       D:10 |    3759 |     761 |  16.8 |      55 |       9 |  14.1
       D:11 |    2192 |     537 |  19.7 |      15 |       4 |  21.1
       D:12 |    2648 |       0 |   0.0 |      10 |       0 |   0.0
            +---------+---------+-------+---------+---------+-------
